 Dungeon Crawl Stone Soup version 0.10.4 character file.

273 4tharraofdagon the Chopper (level 5, -9/70 HPs)
             Began as a Minotaur Berserker on Nov 10, 2013.
             Was a Follower of Trog.
             Mangled by a hill giant
             ... wielding a +0,+0 giant club
              (26 damage)
             ... on Level 5 of the Dungeon.
             The game lasted 00:02:40 (498 turns).

4tharraofdagon the Chopper (Minotaur Berserker)      Turns: 498, Time: 00:02:40

HP  -9/70        AC  5     Str 27      XL: 5   Next: 69%
MP   1/1         EV  9     Int  4      God: Trog [*.....]
Gold 66          SH  0     Dex 10      Spells:  0 memorised,  4 levels left

Res.Fire  : . . .   See Invis. : .   a - +0 hand axe {=f}
Res.Cold  : . . .   Warding    : . . e - +0 elf ring mail
Life Prot.: . . .   Conserve   : .   (no shield)
Res.Acid. : . . .   Res.Corr.  : .   (helmet restricted)
Res.Poison: .       Clarity    : .   (no cloak)
Res.Elec. : .       Spirit.Shd : .   (no gloves)
Sust.Abil.: . .     Stasis     : .   (no boots)
Res.Mut.  : .       Ctrl.Telep.: .   (no amulet)
Res.Rott. : .       Levitation : .   (no ring)
Saprovore : . . .   Ctrl.Flight: .   (no ring)

@: berserking (expires), very quick, slightly resistant to hostile enchantments,
extremely unstealthy
A: retaliatory headbutt, horns 2
a: Burn Spellbooks, Berserk, Renounce Religion


You were on level 5 of the Dungeon.
You worshipped Trog.
Trog was most pleased with you.
You were not hungry.

You visited 1 branch of the dungeon, and saw 5 of its levels.

You collected 46 gold pieces.

Inventory:

Hand weapons
 a - a +0,+0 hand axe (weapon) {=f}
 g - a -1,+0 orcish mace
 k - a +2,+2 flail
Armour
 b - a +0 animal skin
 e - a +0 elven ring mail (worn)
Comestibles
 c - 2 bread rations
Scrolls
 f - a scroll of magic mapping {unknown}
 i - 2 scrolls of amnesia {unknown}
Potions
 d - 2 potions of magic {unknown}
 h - 2 potions of poison {unknown}
 j - a potion of blood {unknown}
 l - a potion of agility {unknown}


   Skills:
 + Level 5.0 Fighting
 * Level 6.6 Axes
 + Level 4.3 Armour
 - Level 2.1 Dodging


You had 4 spell levels left.
You didn't know any spells.

Dungeon Overview and Level Annotations

Branches:
Dungeon (5/27)
 Temple: D:4-7

Altars:
The Shining One
Yredelemnul

Annotations
D:1 1 exclusion


Innate Abilities, Weirdness & Mutations

You reflexively headbutt those who attack you in melee.
You have a pair of horns on your head.


Message History

The puff of flame hits you!
You barely miss the orc wizard.
The orc wizard is moderately wounded.
The orc wizard hits you but does no damage.
You slash the orc wizard! Your headbutt misses the orc wizard.
The orc wizard is almost dead.
You hit the orc wizard.
You kill the orc wizard!
Trog accepts your kill.
Trog appreciates your killing of a magic user.
The hill giant hits you with a giant club!
* * * LOW HITPOINT WARNING * * *
Unknown command.
You slash the hill giant!
The hill giant is moderately wounded.
Unknown command.
You slash the hill giant!
The hill giant is heavily wounded.
The hill giant hits you with a giant club!
You die...

#.# #...# #.#
#...# #.#
#.###
#.#####.###
#.........#
#......)..#
#.........#
#...))....#
#...@.....#
#.oC)...$.#
#.........#
#..oo.....#
.............
###.......<.#
#.#.###.##
#.#. .# .


You could see a hill giant and 3 orcs.

Vanquished Creatures
  2 ogres
  An orc wizard (D:5)
  An adder (D:4)
  A giant mite (D:4)
  A worm (D:4)
  2 orcs
  A bat (D:3)
  A giant cockroach (D:3)
  A ball python (D:2)
  A giant newt (D:2)
  2 goblins
14 creatures vanquished.

Notes
Turn   | Place    | Note
--------------------------------------------------------------
     0 | D:1      | 4tharraofdagon, the Minotaur Berserker, began the quest for the Orb.
     0 | D:1      | Reached XP level 1. HP: 19/19 MP: 0/0
    21 | D:1      | Found a glowing golden altar of the Shining One.
   271 | D:3      | Found a basalt altar of Yredelemnul.
   279 | D:3      | Reached skill level 4 in Axes
   309 | D:3      | Reached XP level 2. HP: 26/26 MP: 0/0
   334 | D:4      | Reached skill level 5 in Axes
   334 | D:4      | Reached XP level 3. HP: 20/33 MP: 1/1
   334 | D:4      | Reached XP level 4. HP: 24/40 MP: 1/1
   413 | D:5      | Entered Level 5 of the Dungeon
   488 | D:5      | Reached skill level 5 in Fighting
   488 | D:5      | Reached skill level 6 in Axes
   488 | D:5      | Reached XP level 5. HP: 45/47 MP: 1/1
   489 | D:5      | Noticed a hill giant
   498 | D:5      | Mangled by a hill giant
